 Dungeon Crawl Stone Soup version 0.27-a0-797-g27d10ad (webtiles) character file.

Game seed: 9912780753002492465

79 TheGoonsmith the Twirler (level 4, -3/35 HPs)
             Began as a Demonspawn Gladiator on Mar 27, 2021.
             Slain by an orc wizard
             ... wielding a +0 short sword
              (4 damage)
             ... on level 3 of the Dungeon.
             The game lasted 00:03:43 (2457 turns).

TheGoonsmith the Twirler (Demonspawn Gladiator)     Turns: 2457, Time: 00:03:43

Health: -3/35      AC:  4    Str: 15    XL:     4   Next: 16%
Magic:  4/4        EV: 12    Int: 10    God:
Gold:   86         SH:  0    Dex: 14    Spells: 3/3 levels left

rFire    . . .     SeeInvis .   a - +0 quarterstaff
rCold    . . .     Faith    .   (shield currently unavailable)
rNeg     . . .     Spirit   .   b - +0 leather armour
rPois    .         Reflect  .   (helmet restricted)
rElec    .         Harm     .   (no cloak)
rCorr    .         Rampage  .   j - +0 pair of gloves
Will     .....                  (no boots)
Stlth    +.........             (no amulet)
HPRegen  0.11/turn              (no ring)
MPRegen  0.09/turn              (no ring)

@: flying
A: antennae 1, condensation shield
a: no special abilities


You were on level 3 of the Dungeon.
You visited 1 branch of the dungeon, and saw 3 of its levels.

You collected 86 gold pieces.

Inventory:

Hand Weapons
 a - a +0 quarterstaff (weapon)
Missiles
 d - 5 throwing nets (quivered)
Armour
 b - a +0 leather armour (worn)
 c - a +0 helmet
 j - a +0 pair of gloves (worn)
Scrolls
 i - a scroll of enchant weapon {unknown}
Potions
 h - 2 potions of curing
 k - a potion of attraction {unknown}


   Skills:
 + Level 3.0 Fighting
 * Level 4.1 Staves
 - Level 1.7 Throwing
 - Level 2.6 Dodging


You had 3 spell levels left.
You didn't know any spells.
Your spell library contained the following spells:

 Spells                   Type           Power      Damage    Failure   Level
 Confusing Touch          Hex            0%         N/A       80%         3
 Gell's Gravitas          Tloc           0%         N/A       80%         3
 Petrify                  Tmut/Erth      0%         N/A       99%         4
 Metabolic Englaciation   Hex/Ice        0%         N/A       100%        5
 Yara's Violent Unravell  Hex/Tmut       0%         3d3       100%        5


Dungeon Overview and Level Annotations

Branches:
Dungeon (3/15)

Altars:
Kikubaaqudgha

Shops:
D:1 ?


Innate Abilities, Weirdness & Mutations

You have a pair of small antennae on your head.
A meltable shield of frost defends you. (SH +0)


Message History

You thump the orc!
You kill the orc!
The orc drinks a potion.
The orc flickers and vanishes!
The orc barely misses you. The goblin hits you but does no damage.
The orc wizard casts a spell at itself.
The orc wizard flickers and vanishes!
Your Fighting skill increases to level 3!
The orc barely misses you.
The orc wizard casts a spell at itself.
The orc wizard flickers and vanishes!
The orc closely misses you.
You hit the goblin.
The goblin is heavily wounded.
The goblin completely misses you.
You sock the goblin!
You kill the goblin!
You hit something. Something hits you. x2
You hit something but do no damage.
Something hits you but does no damage. x2
You sock something! Something hits you. x2
You completely miss something.
A magic dart appears from out of thin air!
The magic dart hits something but does no damage.
Something hits you. Something hits you but does no damage.
You miss something.
The orc throws a javelin.
The javelin closely misses you. Something hits you. x2
Things that are here:
a +0 club; a goblin corpse You are too injured to fight recklessly!
You hit something.
Something hits you. x2; The orc throws a javelin.
The javelin barely misses you.
It was a potion of flight.
You feel very buoyant.
You fly up into the air.
You hear some strange, mumbled words.
A puff of flame appears from out of thin air!
The puff of flame hits you!
Your condensation shield dissipates!
* * * LOW HITPOINT WARNING * * *
Something hits you.
You die...

##########
#......)o##########
#...(.).{{{@.##...#
#......o.###{.....#
#..>.....##..##...#
####.######..###.#######
... #.............. ...
###...#.######### #..
##.......# #..
...#..#.## ##...#.#


You could see 2 orcs.

Vanquished Creatures
  2 adders
  A worm (D:3)
  2 orcs (D:3)
  9 ball pythons
  2 endoplasms (D:1)
  2 giant cockroaches
  4 goblins
  5 hobgoblins
  4 jackals (D:1)
  5 kobolds
  3 quokkas (D:2)
  5 bats
  6 rats
50 creatures vanquished.

Notes
Turn   | Place    | Note
-------+----------+-------------------------------------------
     0 | D:1      | TheGoonsmith the Demonspawn Gladiator began the quest for
                  | the Orb.
     0 | D:1      | Reached XP level 1. HP: 16/16 MP: 1/1
    67 | D:1      | Reached skill level 3 in Staves
   193 | D:1      | You fall into a shaft and drop 1 floor!
   194 | D:2      | Found an ancient bone altar of Kikubaaqudgha.
   198 | D:2      | Gained mutation: A meltable shield of frost defends you.
                  | (SH +0) [demonic ancestry]
   198 | D:2      | Reached XP level 2. HP: 22/22 MP: 2/2
  1047 | D:1      | Found Zucoh's Magic Scroll Shoppe.
  1054 | D:1      | Reached XP level 3. HP: 21/28 MP: 3/3
  2270 | D:3      | Noticed a water moccasin
  2289 | D:3      | Reached skill level 4 in Staves
  2309 | D:3      | Gained mutation: You have a pair of small antennae on your
                  | head. [demonic ancestry]
  2309 | D:3      | Reached XP level 4. HP: 32/34 MP: 4/4
  2457 | D:3      | HP: 1/35 [something/puff of flame (11)]
  2457 | D:3      | Slain by an orc wizard

Illustrated notes

Levels and vault maps discovered:
D:1:      dpeg_arrival_pits, layout_loops_cross, serial_shops,
          nicolae_shop_trees, corexii_hall_statues_l, minmay_heptomino_l4
D:2:      layout_rooms, old_standard_altar
D:3:      layout_rooms, lightli_corner_chamber, uniq_crazy_yiuf_cottage,
          uniq_sigmund

Skill      XL: |  1  2  3  4 |
---------------+-------------+-----
Staves         | 3 4 |  4.1
Fighting       | 3 |  3.0
Throwing       | |  1.7
Dodging        | |  2.6

Action                   |  1- 3 |  4- 6 || total
-------------------------+-------+-------++-------
Melee: Quarterstaff      |   132 |    19 ||   151
  Use: Scroll            |     2 |       ||     2
       Potion            |     1 |     1 ||     2
 Stab: Distracted        |     1 |       ||     1
       Sleeping          |     1 |       ||     1
Armor: Leather armour    |    44 |     8 ||    52
Dodge: Dodged            |    97 |    14 ||   111
Block: Other             |    27 |     3 ||    30

Table legend: (Time is in decaauts)
 A = Elapsed time spent in this place.
 B = Non-inter-level travel time spent in this place.
 C = Inter-level travel time spent in this place.
 D = Time resting spent in this place.
 E = Time spent auto-exploring this place.
 F = Levels seen in this place.
 G = Mean time per level.
                   A        B        C        D        E       F      G
               +--------+--------+--------+--------+--------+-----+--------+
         Total |   2477 |   2391 |     86 |      4 |   2027 |   3 |  825.7 |
       Dungeon |   2477 |   2391 |     86 |      4 |   2027 |   3 |  825.7 |
               +--------+--------+--------+--------+--------+-----+--------+

Top non-repeatable levels by time:
     D:1: 1074 daAuts
     D:2: 923 daAuts
     D:3: 479 daAuts
